 Dungeon Crawl Stone Soup version 0.30.0-20-g3615ddf2f0 (webtiles) character file.

Game seed: 9787497897745015591

107 qw the Chopper (level 4, -2/28 HPs)
             Began as a Gargoyle Fighter on May 28, 2023.
             Slain by a hobgoblin (3 damage)
             ... led by Robin
             ... on level 3 of the Dungeon.
             The game lasted 00:01:01 (2510 turns).

qw the Chopper (Gargoyle Fighter)                   Turns: 2510, Time: 00:01:01

Health: -2/28      AC: 10    Str: 22    XL:     4   Next: 85%
Magic:  4/4        EV:  9    Int:  8    God:
Gold:   159        SH:  4    Dex:  9    Spells: 3/3 levels left

rFire   . . .        Y - +0 war axe
rCold   . . .        c - +0 buckler
rNeg    + . .        b - +0 scale mail
rPois   inf          (no helmet)
rElec   +            (no cloak)
rCorr   .            (no gloves)
SInv    .            (no boots)
Will    .....        (no amulet) Stlth
                     (no ring)
HPRegen 0.24/turn    (no ring)
MPRegen 0.09/turn

%: no passive effects
@: no status effects
A: sickness immunity, AC +3, negative energy resistance 1, electricity
resistance, torment resistance 1, petrification resistance
a: no special abilities


You were on level 3 of the Dungeon.
You visited 1 branch of the dungeon, and saw 3 of its levels.

You collected 159 gold pieces.


Innate Abilities, Weirdness & Mutations

You are immune to sickness and miasma.
Your stone body is resilient. (AC +3)
You are immune to poison.
You resist negative energy. (rN+)
You are resistant to electric shocks. (rElec)
You are resistant to unholy torment.
You are immune to petrification.


   Skills:
 - Level 3.2 Fighting
 + Level 4.4 Axes
 - Level 3.2 Armour
 - Level 3.2 Shields


You had 3 spell levels left.
You didn't know any spells.
Your spell library was empty.

Inventory:

Hand Weapons
 f - a +0 club
 Y - a +0 war axe (weapon)
Armour
 b - a +0 scale mail (worn)
 c - a +0 buckler (worn)
Wands
 a - a wand of digging (6)
Potions
 d - a potion of might
 e - a potion of invisibility {unknown}
 g - 2 potions of flight {unknown}
 h - 2 potions of mutation {unknown}
 i - a potion of curing {unknown}

Dungeon Overview and Level Annotations

Branches:
Dungeon (3/15)

Altars:
Elyvilon

Annotations:
D:3 Robin


Message History

Robin is severely wounded.
You barely miss the goblin. You miss the goblin.
The goblin no longer looks unusually strong.
A hobgoblin comes into view.
Robin hits you but does no damage. The goblin hits you but does no damage.
You block the goblin's attack. The goblin hits you but does no damage.
You block the goblin's attack. Robin hits you but does no damage.
You closely miss Robin.
Robin is severely wounded.
You barely miss the goblin. You slash the goblin!
You kill the goblin!
The goblin hits you but does no damage.
Robin roars a battlecry!
The goblin goes into a battle-frenzy!
You hear a shout!
You barely miss Robin.
Robin is severely wounded.
You slash the goblin!
You kill the goblin!
You completely miss the goblin. You block the goblin's attack.
Robin hits you but does no damage.
You barely miss Robin.
Robin is severely wounded.
You hit the goblin.
A goblin comes into view. It is wielding a +0 dagger of draining.
The goblin hits you with a +0 club. Robin hits you but does no damage.
You hit Robin.
Robin is severely wounded.
You slash the goblin!
You kill the goblin!
Robin throws the goblin at you! You block the goblin's attack.
Robin barely misses you. You block the goblin's attack.
The hobgoblin closely misses you.
You barely miss Robin.
Robin is severely wounded.
You closely miss the hobgoblin. You closely miss the goblin.
You block Robin's attack.
The goblin hits you with a +0 dagger of draining.
The hobgoblin hits you.
You die...

.# .# .# ####### ####### .#
##.###.###.###.# .#
###............... .#
?#######...##.###.###.##. .#
g......#.#.#...........#. ##
g......#g#...##.###.##...
g...gg.#@#.#.#.......#.#.
.......#gg.#...##.##...#.
..g....'.#.#.#.#...#.#.#.
.......#.#...#...#...#... #
######.#.#.#.#.#...#.#.#. #
#.##..#...##.##...#. # #####
#.#.#.#.#.......#.#.
#####...######.#.#...##.###.##...
....'............#.#...........#.


You could see Robin, a hobgoblin (strong) and a goblin (strong).

Vanquished Creatures
  4 adders
  A worm (D:2)
  A dart slug (D:3)
  7 ball pythons
  4 bats
  8 endoplasms
  A giant cockroach (D:1)
  11 goblins
  6 hobgoblins
  2 jackals (D:3)
  4 kobolds
  A quokka (D:2)
  4 frilled lizards (D:1)
  4 rats
58 creatures vanquished.

Notes
Turn   | Place    | Note
-------+----------+-------------------------------------------
     0 | D:1      | qw the Gargoyle Fighter began the quest for the Orb.
     0 | D:1      | Reached XP level 1. HP: 14/14 MP: 1/1
     0 | D:1      | 0 ||| qw: Version: 0.2-a-101-gf8a7cd0
     0 | D:1      | 0 ||| qw: Game counter: 263
     0 | D:1      | 0 ||| qw: Always use a shield: true
     0 | D:1      | 0 ||| qw: God list: Okawaru
     0 | D:1      | 0 ||| qw: Allow faded altars: false
     0 | D:1      | 0 ||| qw: Do Orc after D:15 true
     0 | D:1      | 0 ||| qw: Do second Lair branch before Depths: true
     0 | D:1      | 0 ||| qw: Lair rune preference: random
     0 | D:1      | 0 ||| qw: Plans: Normal, Zot:1-4, Slime:5, God:TSO, Crypt,
                  | Tomb, Pan, Hells, Abyss, Win
     0 | D:1      | 0 ||| PLANNING D:1-11
    66 | D:1      | Reached skill level 2 in Axes
   230 | D:1      | Reached XP level 2. HP: 19/19 MP: 2/2
   323 | D:1      | 323 ||| Stepping ~*~*~tactically~*~*~ (hiding).
   324 | D:1      | 324 ||| Stepping ~*~*~tactically~*~*~ (hiding).
   893 | D:1      | Reached skill level 3 in Axes
  1013 | D:1      | Reached XP level 3. HP: 23/23 MP: 3/3
  1040 | D:1      | 1040 ||| READING scroll labelled WAILYI AFRIHU.
  1141 | D:1      | 1141 ||| READING scroll labelled AKKOGE YR CONN.
  1265 | D:2      | Found a faded altar of an unknown god.
  1266 | D:2      | 1266 ||| Stepping ~*~*~tactically~*~*~ (stealth).
  1608 | D:2      | Reached XP level 4. HP: 28/28 MP: 4/4
  1667 | D:2      | Found a white marble altar of Elyvilon.
  1751 | D:2      | 1751 ||| Stepping ~*~*~tactically~*~*~ (stealth).
  1943 | D:2      | 1943 ||| DROPPING ring of flight.
  1944 | D:2      | 1944 ||| READING scroll labelled UPNOLYLAKU.
  2046 | D:3      | Reached skill level 4 in Axes
  2176 | D:3      | 2176 ||| Stepping ~*~*~tactically~*~*~ (hiding).
  2487 | D:3      | 2487 ||| Stepping ~*~*~tactically~*~*~ (stealth).
  2490 | D:3      | Identified the +2 helmet of Claustrophobia {Will+ Regen+
                  | Str+3 SInv}
  2490 | D:3      | Noticed Robin
  2491 | D:3      | 2491 ||| Stepping ~*~*~tactically~*~*~ (hiding).
  2492 | D:3      | 2492 ||| Stepping ~*~*~tactically~*~*~ (hiding).
  2504 | D:3      | HP: 4/28 [goblin/+0 club[Robin] (6)]
  2510 | D:3      | HP: 1/28 [goblin/+0 dagger of draining[Robin] (2)]
  2510 | D:3      | Slain by a hobgoblin

Levels and vault maps discovered:
D:1:      grunt_arrival_lava_bath, layout_basic, minmay_misc_feat_cross
D:2:      layout_loops_ring, basic_altar, nicolae_ecumenical_snake_handling,
          kennysheep_path_1, minmay_distorted
D:3:      layout_basic, nicolae_concentric_dashed_squares_wild, uniq_robin

Skill      XL: |  1  2  3  4 |
---------------+-------------+-----
Axes           | 2 3 4 |  4.4
Fighting       | |  3.2
Armour         | |  3.2
Shields        | |  3.2

Action                     |  1- 3 |  4- 6 || total
---------------------------+-------+-------++-------
  Melee: War axe           |    83 |    65 ||   148
  Throw: Boomerang         |       |     4 ||     4
    Use: Scroll            |     2 |     1 ||     3
 Armour: Scale mail        |    37 |    44 ||    81
  Dodge: Dodged            |    28 |    29 ||    57
  Block: Buckler           |    11 |    17 ||    28

Table legend:
 A = Non-vault XP
 B = Vault XP
 C = Vault XP percentage of total XP
 D = Non-vault monster count
 E = Vault monster count
 F = Vault count percentage of total count
                 A         B        C        D         E       F
            +---------+---------+-------+---------+---------+-------
      Total |     104 |      49 |  32.0 |      44 |      14 |  24.1
            +---------+---------+-------+---------+---------+-------
        D:1 |      34 |       0 |   0.0 |      20 |       0 |   0.0
        D:2 |      21 |      35 |  62.5 |      11 |       7 |  38.9
        D:3 |      49 |      14 |  22.2 |      13 |       7 |  35.0
            +---------+---------+-------+---------+---------+-------
